NYP
LOS ANGELES (NYP) DODGERS @ SALEM-KEIZER VOLCANOES
04/29/2048
 
TOP OF THE 1ST
Los Angeles (NYP) Dodgers batting - Pitching for Salem-Keizer Volcanoes : RHP Tucker Perillo
Pitching: RHP Tucker Perillo
Batting: RHB Chad Rojas 0-0: Ground out 6-3 (Groundball, 6, EV 87.5 MPH)
Batting: RHB Adam Maczko 0-0: Ball
1-0: Fly out, F8 (Flyball, 8RS, EV 91.2 MPH)
Batting: RHB Tommy Hunter 0-0: Called Strike
0-1: Called Strike
0-2: Ground out 6-3 (Groundball, 6, EV 99.4 MPH)
Top of the 1st over - 0 runs, 0 hits, 0 errors, 0 left on base; Los Angeles (NYP) 0 - Salem-Keizer 0
BOTTOM OF THE 1ST
Salem-Keizer Volcanoes batting - Pitching for Los Angeles (NYP) Dodgers : RHP Junzo Fujii
Pitching: RHP Junzo Fujii
Batting: LHB Adrian Navarro 0-0: Called Strike
0-1: Ball
1-1: Ball
2-1: DOUBLE (Flyball, 78XD, EV 108.8 MPH)
Batting: LHB Eddie Lemus 0-0: SINGLE (Line Drive, 89S, EV 106.9 MPH)
Adrian Navarro to third
Batting: LHB Kuan Hsia 0-0: Called Strike
Eddie Lemus steals 2nd base
0-1: Fly out, F8 (Flyball, 8RD, EV 107.5 MPH)
Batting: RHB Ricky Aguilar 0-0: Ball
1-0: Ball
2-0: Ball
3-0: Called Strike
3-1: Foul Ball, location: 2F
3-2: Foul Ball, location: 2F
3-2: Base on Balls
Batting: RHB Noe Oliva 0-0: Foul Ball, location: 2F
0-1: Ball
1-1: Foul Ball, location: 2F
1-2: Ball
2-2: Foul Ball, location: 2F
2-2: Ball
3-2: Strikes out swinging
Batting: RHB Eddie Ramirez 0-0: Called Strike
0-1: Ball
1-1: Foul Ball, location: 2F
1-2: Strikes out looking
Bottom of the 1st over - 0 runs, 2 hits, 0 errors, 3 left on base; Los Angeles (NYP) 0 - Salem-Keizer 0
TOP OF THE 2ND
Los Angeles (NYP) Dodgers batting - Pitching for Salem-Keizer Volcanoes : RHP Tucker Perillo
Batting: RHB Juan Gallegos 0-0: Swinging Strike
0-1: Ball
1-1: Foul Ball, location: 2F
1-2: Foul Ball, location: 2F
1-2: Ball
2-2: Foul Ball, location: 2F
2-2: Ball
3-2: Strikes out swinging
Batting: LHB Fernão Manta 0-0: Ball
1-0: Ball
2-0: Swinging Strike
2-1: Fly out, F8 (Line Drive, 8LM, EV 86.9 MPH)
Batting: RHB Manny Mendoza 0-0: Ball
1-0: SINGLE (Line Drive, 8LS, EV 91.2 MPH)
Batting: RHB Brad Brady 0-0: Called Strike
Manny Mendoza steals 2nd base
0-1: Called Strike
0-2: Ball
1-2: Ball
Passed Ball!
Manny Mendoza to third
2-2: Ball
Passed Ball!
Manny Mendoza scores
3-2: Foul Ball, location: 2F
3-2: SINGLE (Groundball, 25, EV 67.5 MPH) (infield hit)
Batting: SHB Josh Vaill 0-0: Ball
1-0: DOUBLE (Groundball, 3L, EV 100.6 MPH)
Brad Brady to third
Runner from 3rd tries for Home, SAFE, throw by RF to trailing runner, SAFE at third!
Batting: LHB Bobby Gambrell 0-0: Ball
1-0: Ball
2-0: Fly out, F8 (Flyball, 78M, EV 82.5 MPH)
Top of the 2nd over - 2 runs, 3 hits, 0 errors, 1 left on base; Los Angeles (NYP) 2 - Salem-Keizer 0
BOTTOM OF THE 2ND
Salem-Keizer Volcanoes batting - Pitching for Los Angeles (NYP) Dodgers : RHP Junzo Fujii
Batting: RHB Soichi Kaneshiro 0-0: Called Strike
0-1: Ball
1-1: Ground out 3-1 (Groundball, 34, EV 81.2 MPH)
Batting: RHB Kevin Spencer 0-0: Called Strike
0-1: Foul Ball, location: 2F
0-2: Ball
1-2: Strikes out swinging
Batting: SHB Justin Tidwell 0-0: Swinging Strike
0-1: Swinging Strike
0-2: Foul Ball, location: 2F
0-2: Ball
1-2: Strikes out looking
Bottom of the 2nd over - 0 runs, 0 hits, 0 errors, 0 left on base; Los Angeles (NYP) 2 - Salem-Keizer 0
TOP OF THE 3RD
Los Angeles (NYP) Dodgers batting - Pitching for Salem-Keizer Volcanoes : RHP Tucker Perillo
Batting: RHB Chad Rojas 0-0: Called Strike
0-1: Called Strike
0-2: Foul Ball, location: 2F
0-2: Strikes out looking
Batting: RHB Adam Maczko 0-0: Called Strike
0-1: Ground out 4-3 (Groundball, 4, EV 96.2 MPH)
Batting: RHB Tommy Hunter 0-0: Ball
1-0: Called Strike
1-1: Ball
2-1: Foul Ball, location: 2F
2-2: Ground out 6-3 (Groundball, 15, EV 86.9 MPH)
Top of the 3rd over - 0 runs, 0 hits, 0 errors, 0 left on base; Los Angeles (NYP) 2 - Salem-Keizer 0
BOTTOM OF THE 3RD
Salem-Keizer Volcanoes batting - Pitching for Los Angeles (NYP) Dodgers : RHP Junzo Fujii
Batting: LHB Adrian Navarro 0-0: Ball
1-0: Fly out, F9 (Flyball, 9LM, EV 76.9 MPH)
Batting: LHB Eddie Lemus 0-0: SINGLE (Groundball, 6MD, EV 103.8 MPH)
Batting: LHB Kuan Hsia 0-0: Ball
1-0: Called Strike
1-1: Swinging Strike
1-2: Ground out U3 (Groundball, 3S, EV 63.8 MPH)
Eddie Lemus to second
Batting: RHB Ricky Aguilar 0-0: Ball
1-0: Called Strike
1-1: Ball
2-1: Foul Ball, location: 2F
2-2: Foul Ball, location: 2F
2-2: Strikes out swinging
Bottom of the 3rd over - 0 runs, 1 hit, 0 errors, 1 left on base; Los Angeles (NYP) 2 - Salem-Keizer 0
TOP OF THE 4TH
Los Angeles (NYP) Dodgers batting - Pitching for Salem-Keizer Volcanoes : RHP Tucker Perillo
Batting: RHB Juan Gallegos 0-0: Ball
1-0: Ball
2-0: Ball
3-0: Base on Balls
Batting: LHB Fernão Manta 0-0: Called Strike
0-1: Foul Ball, location: 2F
0-2: Ball
1-2: Ball
2-2: Foul Ball, location: 2F
2-2: SINGLE (Groundball, 34D, EV 104.4 MPH)
Juan Gallegos to second
Batting: RHB Manny Mendoza 0-0: Called Strike
0-1: Reached on error, E5 (Groundball, 5S, EV 91.9 MPH)
Juan Gallegos to third
Fernão Manta to second
Batting: RHB Brad Brady 0-0: Called Strike
0-1: Ball
1-1: SINGLE (Flyball, 8LS, EV 94.4 MPH)
Juan Gallegos scores
Fernão Manta to third
Manny Mendoza to second
Batting: SHB Josh Vaill 0-0: SINGLE (Groundball, 4, EV 83.8 MPH) (infield hit)
Fernão Manta scores
Manny Mendoza to third
Brad Brady to second
Batting: LHB Bobby Gambrell 0-0: Ball
1-0: Swinging Strike
1-1: Called Strike
1-2: Strikes out swinging
Batting: RHB Chad Rojas 0-0: Called Strike
0-1: Called Strike
0-2: Ball
1-2: Fly out, F8 (Flyball, 89M, EV 93.1 MPH)
Lined into DP, 8-5 (Flyball, 89M, EV 93.1 MPH)
Top of the 4th over - 2 runs, 3 hits, 1 error, 2 left on base; Los Angeles (NYP) 4 - Salem-Keizer 0
BOTTOM OF THE 4TH
Salem-Keizer Volcanoes batting - Pitching for Los Angeles (NYP) Dodgers : RHP Junzo Fujii
Batting: RHB Noe Oliva 0-0: Called Strike
0-1: Called Strike
0-2: Ball
1-2: Ball
2-2: Strikes out swinging
Batting: RHB Eddie Ramirez 0-0: Ball
1-0: Called Strike
1-1: Ball
2-1: Swinging Strike
2-2: Foul Ball, location: 2F
2-2: Ball
3-2: Base on Balls
Batting: RHB Soichi Kaneshiro 0-0: Swinging Strike
0-1: Hit by Pitch
Eddie Ramirez to second
Batting: RHB Kevin Spencer 0-0: Foul Ball, location: 2F
0-1: Called Strike
Balk!
Eddie Ramirez to third
Soichi Kaneshiro to second
0-2: Ball
Wild Pitch!
Eddie Ramirez scores
Soichi Kaneshiro to third
1-2: Ball
2-2: Ball
3-2: Foul Ball, location: 2F
3-2: Strikes out swinging
Batting: SHB Justin Tidwell 0-0: Ball
1-0: SINGLE (Groundball, 6MD, EV 105.0 MPH)
Soichi Kaneshiro scores
Batting: LHB Adrian Navarro 0-0: Called Strike
0-1: Foul Ball, location: 2F
0-2: Strikes out swinging
Bottom of the 4th over - 2 runs, 1 hit, 0 errors, 1 left on base; Los Angeles (NYP) 4 - Salem-Keizer 2
TOP OF THE 5TH
Los Angeles (NYP) Dodgers batting - Pitching for Salem-Keizer Volcanoes : RHP Tucker Perillo
Batting: RHB Adam Maczko 0-0: Called Strike
0-1: Foul Ball, location: 2F
0-2: Ball
1-2: Ball
2-2: Strikes out looking
Pitching: RHP James Jenkins
Batting: RHB Tommy Hunter 0-0: Ball
1-0: Swinging Strike
1-1: Swinging Strike
1-2: Ball
2-2: Ball
3-2: Strikes out swinging
Batting: RHB Juan Gallegos 0-0: Ball
1-0: Foul Ball, location: 2F
1-1: Ball
2-1: Swinging Strike
2-2: Strikes out swinging
Top of the 5th over - 0 runs, 0 hits, 0 errors, 0 left on base; Los Angeles (NYP) 4 - Salem-Keizer 2
BOTTOM OF THE 5TH
Salem-Keizer Volcanoes batting - Pitching for Los Angeles (NYP) Dodgers : RHP Junzo Fujii
Batting: LHB Eddie Lemus 0-0: Ball
1-0: Foul Ball, location: 2F
1-1: Ball
2-1: Ground out 1-3 (Groundball, 13S, EV 71.2 MPH)
Batting: LHB Kuan Hsia 0-0: Ball
1-0: Called Strike
1-1: Swinging Strike
1-2: Strikes out swinging
Batting: RHB Ricky Aguilar 0-0: Called Strike
0-1: Ball
1-1: Foul Ball, location: 2F
1-2: Ball
2-2: Strikes out looking
Bottom of the 5th over - 0 runs, 0 hits, 0 errors, 0 left on base; Los Angeles (NYP) 4 - Salem-Keizer 2
TOP OF THE 6TH
Los Angeles (NYP) Dodgers batting - Pitching for Salem-Keizer Volcanoes : RHP James Jenkins
Batting: LHB Fernão Manta 0-0: Called Strike
0-1: Ball
1-1: Ball
2-1: Ball
3-1: Called Strike
3-2: Base on Balls
Batting: RHB Manny Mendoza 0-0: Ball
1-0: Ball
Fernão Manta steals 2nd base
2-0: Ball
3-0: Foul Ball, location: 2F
3-1: Base on Balls
Batting: RHB Brad Brady 0-0: Foul Ball, location: 2F
0-1: Ball
1-1: Swinging Strike
1-2: Strikes out swinging
Batting: SHB Josh Vaill 0-0: Called Strike
0-1: Ball
Passed Ball!
Fernão Manta to third
Manny Mendoza to second
1-1: Called Strike
1-2: Ball
Passed Ball!
Fernão Manta scores
Manny Mendoza to third
2-2: Ball
3-2: Base on Balls
Batting: LHB Bobby Gambrell 0-0: Ball
1-0: Ball
2-0: Ball
3-0: Base on Balls
Josh Vaill to second
Batting: RHB Chad Rojas 0-0: Foul Ball, location: 2F
0-1: Ball
1-1: Grounds into fielders choice 6-2 (Groundball, 6MS, EV 79.4 MPH)
Josh Vaill to third
Bobby Gambrell to second
Batting: RHB Adam Maczko 0-0: Ball
1-0: Ball
2-0: Ball
3-0: Base on Balls
Josh Vaill scores
Bobby Gambrell to third
Chad Rojas to second
Batting: RHB Tommy Hunter 0-0: Ball
1-0: Foul Ball, location: 2F
1-1: Ball
Passed Ball!
Bobby Gambrell scores
Chad Rojas to third
Adam Maczko to second
2-1: Ball
3-1: Base on Balls
Batting: RHB Juan Gallegos 0-0: Ball
1-0: Ball
2-0: Swinging Strike
2-1: Swinging Strike
2-2: Ball
3-2: Strikes out looking
Top of the 6th over - 3 runs, 0 hits, 0 errors, 3 left on base; Los Angeles (NYP) 7 - Salem-Keizer 2
BOTTOM OF THE 6TH
Salem-Keizer Volcanoes batting - Pitching for Los Angeles (NYP) Dodgers : RHP Junzo Fujii
Pitching: RHP Alfredo Sanchez
Batting: RHB Noe Oliva 0-0: Called Strike
0-1: Ball
1-1: Foul Ball, location: 2F
1-2: Foul Ball, location: 2F
1-2: Strikes out looking
Batting: RHB Eddie Ramirez 0-0: Ball
1-0: Swinging Strike
1-1: Called Strike
1-2: Strikes out swinging
Batting: RHB Soichi Kaneshiro 0-0: Called Strike
0-1: Foul Ball, location: 2F
0-2: Foul Ball, location: 2F
0-2: Strikes out swinging
Bottom of the 6th over - 0 runs, 0 hits, 0 errors, 0 left on base; Los Angeles (NYP) 7 - Salem-Keizer 2
TOP OF THE 7TH
Los Angeles (NYP) Dodgers batting - Pitching for Salem-Keizer Volcanoes : RHP James Jenkins
Batting: LHB Fernão Manta 0-0: Foul Ball, location: 2F
0-1: Ball
1-1: Ball
2-1: Called Strike
2-2: Ball
3-2: Base on Balls
Batting: RHB Manny Mendoza 0-0: Called Strike
0-1: Ball
1-1: Called Strike
Fernão Manta steals 2nd base
1-2: Foul Ball, location: 2F
1-2: Ball
2-2: Ball
3-2: Foul Ball, location: 2F
3-2: Foul Ball, location: 2F
3-2: Base on Balls
Pitching: RHP Danny Estrada
Batting: RHB Brad Brady 0-0: Ball
1-0: Ball
2-0: Swinging Strike
2-1: Called Strike
2-2: Ball
3-2: Base on Balls
Fernão Manta to third
Manny Mendoza to second
Batting: SHB Josh Vaill 0-0: Called Strike
0-1: Ball
1-1: Ball
Wild Pitch!
Fernão Manta scores
Manny Mendoza to third
Brad Brady to second
2-1: Fly out, F9 (Line Drive, 9S, EV 97.5 MPH)
Lined into DP, 9-5 (Line Drive, 9S, EV 97.5 MPH)
Batting: LHB Bobby Gambrell 0-0: Ball
1-0: Foul Ball, location: 2F
1-1: Ball
2-1: Foul Ball, location: 2F
2-2: Ground out 6-3 (Groundball, 6S, EV 86.9 MPH)
Top of the 7th over - 1 run, 0 hits, 0 errors, 1 left on base; Los Angeles (NYP) 8 - Salem-Keizer 2
BOTTOM OF THE 7TH
Salem-Keizer Volcanoes batting - Pitching for Los Angeles (NYP) Dodgers : RHP Alfredo Sanchez
Batting: RHB Kevin Spencer 0-0: Ball
1-0: Ground out 6-3 (Groundball, 6, EV 102.5 MPH)
Batting: SHB Justin Tidwell 0-0: Called Strike
0-1: Foul Ball, location: 2F
0-2: Ball
1-2: Strikes out looking
Batting: LHB Adrian Navarro 0-0: Ball
1-0: Ground out 6-3 (Groundball, 6MS, EV 85.0 MPH)
Bottom of the 7th over - 0 runs, 0 hits, 0 errors, 0 left on base; Los Angeles (NYP) 8 - Salem-Keizer 2
TOP OF THE 8TH
Los Angeles (NYP) Dodgers batting - Pitching for Salem-Keizer Volcanoes : RHP Danny Estrada
Batting: RHB Chad Rojas 0-0: Called Strike
0-1: Ball
1-1: Ball
2-1: Foul Ball, location: 2F
2-2: Foul Ball, location: 2F
2-2: Foul Ball, location: 2F
2-2: Foul Ball, location: 2F
2-2: Foul Ball, location: 2F
2-2: Ground out 1-3 (Groundball, P, EV 65.6 MPH)
Batting: RHB Adam Maczko 0-0: DOUBLE (Flyball, 8RD, EV 103.8 MPH)
Batting: RHB Tommy Hunter 0-0: Ball
1-0: Ball
2-0: Called Strike
2-1: SINGLE (Line Drive, 7LS, EV 113.8 MPH)
Adam Maczko to third
Batting: RHB Juan Gallegos 0-0: Swinging Strike
0-1: Ball
1-1: Ball
Tommy Hunter steals 2nd base
2-1: Ball
3-1: Base on Balls
Batting: LHB Fernão Manta 0-0: Ball
1-0: Swinging Strike
1-1: Foul Ball, location: 2F
1-2: Ball
2-2: Ball
3-2: Foul Ball, location: 2F
3-2: Fielders Choice at 2nd, 6-4 (Groundball, 6, EV 89.4 MPH)
Adam Maczko scores
Tommy Hunter to third
Batting: RHB Manny Mendoza 0-0: Fly out, F9 (Flyball, 9LSF, EV 84.4 MPH)
Top of the 8th over - 1 run, 2 hits, 0 errors, 2 left on base; Los Angeles (NYP) 9 - Salem-Keizer 2
BOTTOM OF THE 8TH
Salem-Keizer Volcanoes batting - Pitching for Los Angeles (NYP) Dodgers : RHP Alfredo Sanchez
Batting: LHB Eddie Lemus 0-0: Swinging Strike
0-1: Swinging Strike
0-2: Ball
1-2: Foul Ball, location: 2F
1-2: Strikes out swinging
Batting: LHB Kuan Hsia 0-0: Ball
1-0: Ball
2-0: Foul Ball, location: 2F
2-1: Ground out 6-3 (Groundball, 6M, EV 83.8 MPH)
Batting: RHB Ricky Aguilar 0-0: Ball
1-0: Foul Ball, location: 2F
1-1: Called Strike
1-2: Strikes out swinging
Bottom of the 8th over - 0 runs, 0 hits, 0 errors, 0 left on base; Los Angeles (NYP) 9 - Salem-Keizer 2
TOP OF THE 9TH
Los Angeles (NYP) Dodgers batting - Pitching for Salem-Keizer Volcanoes : RHP Danny Estrada
Batting: RHB Brad Brady 0-0: Called Strike
0-1: Ball
1-1: Ball
2-1: Foul Ball, location: 2F
2-2: Foul Ball, location: 2F
2-2: Ball
3-2: TRIPLE (Flyball, 89XD, EV 92.5 MPH)
Batting: SHB Josh Vaill 0-0: Ball
1-0: Ball
2-0: Foul Ball, location: 2F
2-1: Ball
Passed Ball!
Brad Brady scores
3-1: Called Strike
3-2: Base on Balls
Batting: LHB Bobby Gambrell 0-0: Foul Ball, location: 2F
0-1: Ball
1-1: Ball
2-1: Ball
Passed Ball!
Josh Vaill to second
3-1: Foul Ball, location: 2F
3-2: Base on Balls
Pitching: RHP Wally Dethridge
Batting: RHB Chad Rojas 0-0: Foul Ball, location: 2F
0-1: Ball
1-1: Foul Ball, location: 2F
1-2: Reached on error, E6 (Groundball, 6, EV 87.5 MPH)
Josh Vaill to third
Bobby Gambrell to second
Batting: RHB Adam Maczko 0-0: SINGLE (Groundball, 6D, EV 103.1 MPH)
Josh Vaill scores
Bobby Gambrell to third
Chad Rojas to second
Batting: RHB Tommy Hunter 0-0: Ball
1-0: Ball
2-0: Called Strike
Passed Ball!
Bobby Gambrell scores
Chad Rojas to third
Adam Maczko to second
2-1: Foul Ball, location: 2F
2-2: Ball
Passed Ball!
Chad Rojas scores
Adam Maczko to third
3-2: Foul Ball, location: 2F
3-2: Base on Balls
Batting: RHB Juan Gallegos 0-0: Called Strike
0-1: Swinging Strike
0-2: Strikes out looking
Batting: LHB Fernão Manta 0-0: Called Strike
0-1: Foul Ball, location: 2F
0-2: Ball
Passed Ball!
Adam Maczko scores
Tommy Hunter to second
1-2: SINGLE (Line Drive, 89M, EV 109.4 MPH)
Tommy Hunter to third
Pitching: LHP Ken Cromsie
Batting: RHB Manny Mendoza 0-0: Ball
1-0: Called Strike
1-1: Fly out, F4 (Popup, 3D, EV 73.8 MPH)
Batting: RHB Brad Brady 0-0: Ball
1-0: Foul Ball, location: 2F
1-1: Ball
Passed Ball!
Tommy Hunter scores
Fernão Manta to second
2-1: Ball
Passed Ball!
Fernão Manta to third
3-1: Ground out 6-3 (Groundball, 6S, EV 66.2 MPH)
Top of the 9th over - 6 runs, 3 hits, 1 error, 1 left on base; Los Angeles (NYP) 15 - Salem-Keizer 2
BOTTOM OF THE 9TH
Salem-Keizer Volcanoes batting - Pitching for Los Angeles (NYP) Dodgers : RHP Alfredo Sanchez
Batting: RHB Noe Oliva 0-0: Ground out 1-3 (Groundball, 25, EV 68.1 MPH)
Batting: RHB Eddie Ramirez 0-0: Called Strike
0-1: Foul Ball, location: 2F
0-2: Ball
1-2: Strikes out swinging
Batting: RHB Soichi Kaneshiro 0-0: Called Strike
0-1: Foul Ball, location: 2F
0-2: Ground out 6-3 (Groundball, 6, EV 89.4 MPH)
Bottom of the 9th over - 0 runs, 0 hits, 0 errors, 0 left on base; Los Angeles (NYP) 15 - Salem-Keizer 2
Tuesday, March 28th , 2023 - OOTP Baseball 23.10 Build 110